 Dungeon Crawl Stone Soup version 0.28-a0-850-g09de17f5b5 (webtiles) character file.

Game seed: 18072752651958933743

21 croobank the Vexing (level 2, -1/23 HPs)
             Began as a Gnoll Arcane Marksman on Nov 13, 2021.
             Slain by a hobgoblin (4 damage)
             ... on level 2 of the Dungeon.
             The game lasted 00:08:55 (788 turns).

croobank the Vexing (Gnoll Arcane Marksman)          Turns: 788, Time: 00:08:55

Health: -1/23      AC:  4    Str:  8 (9)  XL:     2   Next: 87%
Magic:  5/5        EV: 13    Int: 11 (12) God:
Gold:   45         SH:  0    Dex: 11 (12) Spells: 5/6 levels left

rFire   . . .      SeeInvis .   a - +0 hand crossbow
rCold   . . .      Faith    .   (no shield)
rNeg    . . .      Spirit   .   d - +0 robe
rPois   .          Reflect  .   (no helmet)
rElec   .          Harm     .   (no cloak)
rCorr   .          Rampage  .   (no gloves)
Will    .....                   k - +1 pair of boots
Stlth   +.........              (no amulet)
HPRegen 0.07/turn               (no ring)
MPRegen 0.09/turn               (no ring)

@: confused, flying
A: fangs 1, strong nose, distributed training
a: no special abilities


You were on level 2 of the Dungeon.
You visited 1 branch of the dungeon, and saw 2 of its levels.

You collected 45 gold pieces.

Inventory:

Hand Weapons
 a - a +0 hand crossbow (weapon)
 b - a +0 hand axe
 l - a +1 short sword of speed
Missiles
 c - 13 bolts (quivered ammo)
 g - 8 stones
 h - 5 atropa-tipped darts
Armour
 d - a +0 robe (worn)
 k - a +1 pair of boots (worn)
Scrolls
 i - a scroll of teleportation {unknown}


   Skills:
 + Level 2.5 Fighting
 + Level 0.5 Short Blades
 + Level 0.5 Long Blades
 + Level 0.5 Axes
 + Level 0.5 Maces & Flails
 + Level 0.5 Polearms
 + Level 0.5 Staves
 + Level 0.5 Slings
 + Level 0.5 Bows
 + Level 4.5 Crossbows
 + Level 0.5 Throwing
 + Level 0.5 Armour
 + Level 4.5 Dodging
 + Level 0.5 Stealth
 + Level 0.5 Shields
 + Level 0.5 Unarmed Combat
 + Level 2.7 Spellcasting
 + Level 0.4 Conjurations
 + Level 5.4 Hexes
 + Level 0.4 Summonings
 + Level 0.4 Necromancy
 + Level 0.4 Translocations
 + Level 0.4 Transmutations
 + Level 0.4 Fire Magic
 + Level 0.4 Ice Magic
 + Level 0.4 Air Magic
 + Level 0.4 Earth Magic
 + Level 0.4 Poison Magic
 + Level 0.7 Invocations
 + Level 0.5 Evocations


You had 5 spell levels left.
You knew the following spells:

 Your Spells              Type           Power      Damage    Failure   Level
a - Slow                  Hex            52%        N/A       3%          1

Your spell library contained the following spells:

 Spells                   Type           Power      Damage    Failure   Level
 Inner Flame              Hex/Fire       7%         N/A       24%         3
 Portal Projectile        Hex/Tloc       14%        N/A       24%         3
 Cause Fear               Hex            6%         N/A       28%         4
 Call Canine Familiar     Summ           2%         N/A       56%         3
 Leda's Liquefaction      Hex/Erth       3%         N/A       63%         4


Dungeon Overview and Level Annotations

Branches:
Dungeon (2/15)

Altars:

Shops:
D:1 (

Annotations:
D:2 Sigmund


Innate Abilities, Weirdness & Mutations

You have very sharp teeth.
Your uncanny sense of smell can sniff out nearby items.
Your experience applies equally to all skills.


Message History

Fire: 14 bolts
Press: ? - help, Q - select action, (/) - cycle Shift-Dir - straight line, f/p - adder skeleton
Aim: an adder skeleton (moderately damaged, 71% to hit)
You shoot a bolt. The bolt hits the adder skeleton!
The adder skeleton is almost destroyed.
An endoplasm comes into view.
The adder skeleton bites you.
It was a potion of flight.
You feel very buoyant.
You fly up into the air.
The adder skeleton bites you but does no damage.
As you read the scroll labelled HYUTRA PUEFY, it crumbles to dust.
It is a scroll of enchant armour.
Your +0 pair of boots glows green for a moment.
Sigmund hits you but does no damage. The adder skeleton barely misses you.
The hobgoblin completely misses you.
It was a potion of degeneration.
There was something very wrong with that liquid.
You feel weakened.
You feel dopey.
You feel clumsy.
The adder skeleton bites you but does no damage.
Sigmund hits you but does no damage. The hobgoblin misses you.
Really attack while wielding your +0 hand crossbow?
Okay, then.
Found 14 arrows.
The adder skeleton barely misses you.
The adder skeleton completely misses you.
Sigmund completely misses you.
Sigmund points at you and mumbles some strange words.
You are confused.
Sigmund casts a spell at you. The magic dart hits you!
* * * LOW HITPOINT WARNING * * *
You clumsily bash the endoplasm but do no damage.
The hobgoblin barely misses you.
Sigmund screams, "Die, monster!"
Sigmund hits you from afar with a +0 scythe.
* * * LOW HITPOINT WARNING * * *
The adder skeleton bites you but does no damage.
The endoplasm hits you but does no damage.
The hobgoblin hits you.
You die...

#........##
..........#
........^.#
..........#
#......(...#
#..........#
##........##
#..........#
#.(.....@..#
#......ZgJ.##
#.....@.....#
#...........##
##....<(.(......
##.........####
##......>..#
#.........#
#...........


You could see Sigmund, an endoplasm, a hobgoblin and an adder skeleton.

Vanquished Creatures
  An endoplasm (D:1)
  4 giant cockroaches (D:1)
  3 jackals (D:1)
  A quokka (D:1)
  A ball python (D:1)
  2 bats (D:1)
  A goblin (D:1)
  2 kobolds (D:1)
  4 rats (D:1)
  A spectral hobgoblin (D:1)
20 creatures vanquished.

Notes
Turn   | Place    | Note
-------+----------+-------------------------------------------
     0 | D:1      | croobank the Gnoll Arcane Marksman began the quest for the
                  | Orb.
     0 | D:1      | Reached XP level 1. HP: 17/17 MP: 4/4
    51 | D:1      | Reached XP level 2. HP: 18/23 MP: 5/5
   539 | D:1      | Found Xaum Gitief's Weapon Shoppe.
   619 | D:1      | Found a faded altar of an unknown god.
   775 | D:2      | Noticed Sigmund
   777 | D:2      | Upgraded the game from 0.28-a0-845-gfc338a8e3c to
                  | 0.28-a0-850-g09de17f5b5
   788 | D:2      | Slain by a hobgoblin

Illustrated notes

Levels and vault maps discovered:
D:1:      lightli_arrival_maybe_door_vault, layout_rooms, serial_shops, shop,
          dreamdust_ecumenical_altar_drowned_temple
D:2:      layout_rooms, basic_altar, uniq_jessica, uniq_sigmund

Action                   || total
-------------------------++-------
Melee: Hand axe          ||    17
       Hand crossbow     ||     3
       Bite              ||     1
 Fire: Hand crossbow     ||    35
Throw: Stone             ||     2
  Use: Potion            ||     2
       Scroll            ||     1
Armor: Robe              ||    13
Dodge: Dodged            ||    27

Table legend: (Time is in decaauts)
 A = Elapsed time spent in this place.
 B = Non-inter-level travel time spent in this place.
 C = Inter-level travel time spent in this place.
 D = Time resting spent in this place.
 E = Time spent auto-exploring this place.
 F = Levels seen in this place.
 G = Mean time per level.
                   A        B        C        D        E       F      G
               +--------+--------+--------+--------+--------+-----+--------+
         Total |    805 |    786 |     19 |      0 |    513 |   2 |  402.5 |
       Dungeon |    805 |    786 |     19 |      0 |    513 |   2 |  402.5 |
               +--------+--------+--------+--------+--------+-----+--------+

Top non-repeatable levels by time:
     D:1: 791 daAuts
     D:2: 13 daAuts
